 Dungeon Sprint DCSS version 0.23.0 (webtiles) character file.

Game seed: 13319165096270330692

3723 Infinimo the Grappler (level 9, -1/82 HPs)
             Began as a Demonspawn Berserker on Feb 17, 2019.
             Was a High Priest of Trog.
             Splashed by a jelly's acid (3 damage)
             ... in the Dungeon (Sprint I: "Red Sonja").
             The game lasted 00:03:29 (1113 turns).

Infinimo the Grappler (Demonspawn Berserker)        Turns: 1113, Time: 00:03:30

Health: -1/82      AC: -5    Str: 20    XL:     9   Next: 92%
Magic:  9/9        EV: 20    Int:  7    God:    Trog [*****.]
Gold:   336        SH:  0    Dex: 16    Spells: 8/8 levels left

rFire    . . .     SeeInvis +     - Unarmed
rCold    . . .     Gourm    .   (no shield)
rNeg     . . .     Faith    .   b - +0 animal skin
rPois    .         Spirit   .   (helmet unavailable)
rElec    .         Reflect  .   (no cloak)
rCorr    .         Harm     .   (no gloves)
MR       .....     NoTele   +   (no boots)
Stlth    +.........             a - amulet of regeneration
HPRegen  0.63/turn              l - +3 ring of dexterity
MPRegen  0.11/turn              m - -2 ring of intelligence (curse)

@: corroded, starving
A: antennae 3, claws 1, hooves 1, powered by pain 2
a: Berserk, Trog's Hand, Brothers in Arms, Renounce Religion


You were in the Dungeon.
You worshipped Trog.
Trog was extremely pleased with you.
You were starving.

You visited 1 branch You collected 636 gold pieces.
You spent 300 gold pieces at shops.

Inventory:

Armour
 b - a +0 animal skin (worn)
Jewellery
 a - an amulet of regeneration (around neck)
 l - a +3 ring of dexterity (left claw)
 m - a cursed -2 ring of intelligence (right claw)
 n - a cursed ring of attention {unknown}
Scrolls
 i - a scroll of blinking
Potions
 d - a potion of curing
 e - a potion of heal wounds
 f - a potion of haste
 g - 3 potions of magic
 h - a potion of berserk rage
 j - a potion of cancellation {unknown}


   Skills:
 + Level 11.9 Fighting
   Level 8.6 Maces & Flails
 - Level 1.7 Armour
 + Level 10.8 Dodging
 * Level 12.5 Unarmed Combat


You had 8 spell levels left.
You didn't know any spells.
Your spell library was empty.

Dungeon Overview and Level Annotations

Branches:
Dungeon (1/1)

Altars:
Cheibriados
Dithmenos
Elyvilon
Fedhas
Gozag
Hepliaklqana
Kikubaaqudgha
Makhleb
Nemelex Xobeh
Okawaru
Qazlal
Ru
Sif Muna
Trog
Uskayaw
Vehumet
Wu Jian
Xom
Yredelemnul
Zin
The Shining One
Jiyva
Lugonu

Shops:
D *


Innate Abilities, Weirdness & Mutations

You have a pair of large antennae on your head. (SInv)
You have sharp fingernails.
You have large cloven feet.
You sometimes gain power by taking damage.


Message History

The unseen horror is moderately wounded.
The unseen horror hits you.
* * * LOW HITPOINT WARNING * * *
You scratch the jelly but do no damage.
Your claws burn!
* * * LOW HITPOINT WARNING * * *
You kick the jelly, but do no damage. You kick the jelly, but do no damage.
You scratch the jelly but do no damage.
Your claws burn!
* * * LOW HITPOINT WARNING * * *
You kick the jelly, but do no damage. The jelly hits you.
* * * LOW HITPOINT WARNING * * *
You are splashed with acid!
* * * LOW HITPOINT WARNING * * *
You kick the jelly, but do no damage. You claw the jelly!
Your claws burn!
* * * LOW HITPOINT WARNING * * *
You kick the jelly, but do no damage.
The jelly is heavily wounded.
You scratch the jelly but do no damage. The acid corrodes you!
Your claws burn!
You die...

_###+#.# #.'.#
## ### ###.# {
#.# { # #)# #.
#§# { #.. +§#
{ {
#+..######§#
#.....nnJ#§#
#....{{{#@§#
$}..n....{####
{ $.......≈≈#
......≈≈≈## {
#..≈≈≈≈## {
+######


You could see a necrophage and a jelly.

Vanquished Creatures
  2 centaur warriors (D)
  An oklob plant (D)
  2 kobold demonologists (D)
  A hornet (D)
  A slime creature (D)
  2 redbacks (D)
  Sigmund (D)
  A yak (D)
  2 floating eyes (D)
  An ogre (D)
  6 jellies (D)
  Ijyb (D)
21 creatures vanquished.

Notes
Turn   | Place    | Note
-------+----------+-------------------------------------------
     0 | D        | Infinimo the Demonspawn Berserker began the quest for the
                  | Orb.
     0 | D        | Reached XP level 1. HP: 18/18 MP: 1/1
     1 | D        | Noticed Ijyb
     7 | D        | Killed Ijyb
     7 | D        | Gained mutation: You sometimes gain a little power by
                  | taking damage. [demonic ancestry]
     7 | D        | Reached XP level 2. HP: 25/25 MP: 2/2
    24 | D        | Noticed an ogre
    50 | D        | Killed an ogre
    50 | D        | Reached skill level 5 in Fighting
    50 | D        | Gained mutation: You have a pair of small antennae on your
                  | head. [demonic ancestry]
    50 | D        | Reached XP level 3. HP: 33/33 MP: 3/3
    50 | D        | Gained mutation: You sometimes gain power by taking damage.
                  | [demonic ancestry]
    50 | D        | Reached XP level 4. HP: 39/39 MP: 4/4
    94 | D        | Noticed Sigmund
   104 | D        | Killed Sigmund
   104 | D        | Reached ** piety under Trog
   104 | D        | Reached skill level 5 in Dodging
   104 | D        | Gained mutation: You have sharp fingernails. [demonic
                  | ancestry]
   104 | D        | Reached XP level 5. HP: 22/47 MP: 5/5
   104 | D        | Gained mutation: You have a pair of antennae on your head.
                  | [demonic ancestry]
   104 | D        | Reached XP level 6. HP: 25/53 MP: 6/6
   279 | D        | Found an ornate altar of the Wu Jian Council.
   279 | D        | Found a deep blue altar of Sif Muna.
   281 | D        | Found a radiant altar of Vehumet.
   286 | D        | Reached skill level 1 in Unarmed Combat
   340 | D        | Found Hajifurr's Assorted Antiques.
   340 | D        | Found an ancient bone altar of Kikubaaqudgha.
   340 | D        | Found a hazy altar of Hepliaklqana.
   340 | D        | Found a stormy altar of Qazlal.
   340 | D        | Found a hide-covered altar of Uskayaw.
   340 | D        | Found a blossoming altar of Fedhas.
   340 | D        | Found a bloodstained altar of Trog.
   340 | D        | Found an iron altar of Okawaru.
   340 | D        | Found a basalt altar of Yredelemnul.
   340 | D        | Found a glowing golden altar of the Shining One.
   340 | D        | Found a snail-covered altar of Cheibriados.
   340 | D        | Found a sacrificial altar of Ru.
   340 | D        | Found a glowing silver altar of Zin.
   340 | D        | Found a shadowy altar of Dithmenos.
   340 | D        | Found a white marble altar of Elyvilon.
   340 | D        | Noticed a yak
   346 | D        | Killed a yak
   346 | D        | Reached skill level 4 in Unarmed Combat
   377 | D        | Found an opulent altar of Gozag.
   382 | D        | Found a sparkling altar of Nemelex Xobeh.
   440 | D        | Bought a garnet ring for 100 gold pieces
   440 | D        | Bought a glowing cabochon ring for 100 gold pieces
   440 | D        | Bought a glass ring for 100 gold pieces
   458 | D        | Found a burning altar of Makhleb.
   458 | D        | Found a viscous altar of Jiyva.
   458 | D        | Found a shimmering altar of Xom.
   458 | D        | Found a corrupted altar of Lugonu.
   458 | D        | Noticed a slime creature
   464 | D        | Killed a slime creature
   464 | D        | Reached skill level 6 in Unarmed Combat
   464 | D        | Gained mutation: You have a pair of large antennae on your
                  | head. (SInv) [demonic ancestry]
   464 | D        | Reached XP level 7. HP: 63/63 MP: 7/7
   525 | D        | Noticed a kobold demonologist
   525 | D        | Noticed a kobold demonologist
   526 | D        | Noticed a hellwing
   526 | D        | Paralysed by a floating eye for 2 turns
   530 | D        | Reached *** piety under Trog
   536 | D        | Killed a kobold demonologist
   536 | D        | Reached skill level 7 in Unarmed Combat
   538 | D        | Killed a kobold demonologist
   538 | D        | Reached **** piety under Trog
   538 | D        | Reached skill level 8 in Unarmed Combat
   538 | D        | Gained mutation: You have large cloven feet. [demonic
                  | ancestry]
   538 | D        | Reached XP level 8. HP: 72/72 MP: 8/8
   593 | D        | Noticed a centaur warrior
   595 | D        | Noticed a centaur warrior
   601 | D        | Killed a centaur warrior
   601 | D        | Reached skill level 10 in Fighting
   601 | D        | Reached skill level 10 in Unarmed Combat
   605 | D        | Killed a centaur warrior
   605 | D        | Reached skill level 10 in Dodging
   605 | D        | Reached skill level 11 in Unarmed Combat
   605 | D        | Reached XP level 9. HP: 28/81 MP: 9/9
   874 | D        | Reached ***** piety under Trog
   928 | D        | Noticed an oklob plant
   933 | D        | Killed an oklob plant
   933 | D        | Reached skill level 12 in Unarmed Combat
   996 | D        | Received a gift from Trog
  1101 | D        | Noticed an unseen horror
  1102 | D        | Noticed an unseen horror
  1112 | D        | HP: 2/82 [acid (4)]
  1113 | D        | Splashed by a jelly's acid

Skill      XL: |  1  2  3  4  5  6  7  8  9 |
---------------+----------------------------+-----
Fighting       | 4 5 6 8 9 11 | 11.9
Maces & Flails | 4 6 8 |  8.6
Dodging        | 3 4 5 7 8 10 | 10.8
Unarmed Combat | 6 8 11 12 | 12.5
Armour         | |  1.7

Action                   |  1- 3 |  4- 6 |  7- 9 || total
-------------------------+-------+-------+-------++-------
Melee: Mace              |     9 |    20 |    10 ||    39
       Punch             |       |       |     3 ||     3
       Unarmed           |       |       |    40 ||    40
       Kick              |       |       |    19 ||    19
Invok: Berserk           |     2 |     3 |     5 ||    10
  Use: Scroll            |       |       |     1 ||     1
  Eat: Chunk             |       |     2 |     2 ||     4
       Ration            |       |       |     1 ||     1
Armor: Animal skin       |     2 |       |       ||     2
Dodge: Dodged            |     2 |     8 |    30 ||    40
